 Dungeon Crawl Stone Soup version 0.19-a0-1457-g32fba05 (webtiles) character file.

28 CInkIbrahim the Poker (level 3, 24/24 HPs)
             Began as an Octopode Gladiator on Sept 5, 2016.
             Quit the game on level 1 of the Dungeon.
             The game lasted 00:00:28 (367 turns).

CInkIbrahim the Poker (Octopode Gladiator)           Turns: 367, Time: 00:00:28

Health: 24/24      AC:  1    Str: 14    XL:     3   Next: 12%
Magic:  3/3        EV: 14    Int: 10    God:
Gold:   12         SH:  0    Dex: 13    Spells: 0 memorised, 2 levels left

rFire  . . .     SeeInvis .     a - +0 trident
rCold  . . .     Gourm    .     (no shield)
rNeg   . . .     Faith    .     b - +0 hat
rPois  .         Spirit   .     g - amulet of inaccuracy (curse)
rElec  .         Dismiss  .     (no ring)
rCorr  .         Reflect  .     (no ring)
MR     .....     Harm     .     (no ring)
Stlth  ++........               (no ring)
                                (no ring)
                                (no ring)
                                (no ring)
                                (no ring)

@: no status effects
A: almost no armour, stealthy swim, amphibious, 8 rings, constrict 8, camouflage
1, gelatinous body 1
a: no special abilities


You were on level 1 of the Dungeon.
You were not hungry.

You visited 1 branch of the dungeon, and saw 1 of its levels.

You collected 12 gold pieces.

Inventory:

Hand Weapons
 a - a +0 trident (weapon)
Missiles
 c - 3 throwing nets (quivered)
Armour
 b - a +0 hat (worn)
Jewellery
 g - a cursed amulet of inaccuracy (around mantle)
Scrolls
 e - a scroll of identify {unknown}
Comestibles
 d - a bread ration
 f - a meat ration


   Skills:
 - Level 2.0 Fighting
 + Level 4.2 Polearms
 - Level 2.0 Throwing
 - Level 3.0 Dodging


You had 2 spell levels left.
You didn't know any spells.

Dungeon Overview and Level Annotations

Branches:
Dungeon (1/15)

Altars:


Innate Abilities, Weirdness & Mutations

You cannot wear most types of armour.
You are very stealthy in the water.
You are amphibious.
You can wear up to eight rings at the same time.
You can use your tentacles to constrict eight enemies at once.
Your skin changes colour to match your surroundings (Stealth+).
Your rubbery body absorbs attacks. (AC +1, EV +1)


Message History

Press: ? - help, Dir - move target cursor, f - ball python
Aim: a ball python You reach to attack!
You puncture the ball python!
You kill the ball python!
You open the door.
There is an open door here.
You open the door.
There is an open door here.
A kobold comes into view. It is wielding a whip.
The kobold shouts!
A kobold is nearby!
You hit the kobold but do no damage. You grab the kobold.
You constrict the kobold.
You kill the kobold!
No target in view!
Put on which piece of jewellery? (? for menu, Esc to quit)
Oops, that amulet feels deathly cold.
g - a cursed amulet of inaccuracy (around mantle)
You aren't carrying any potions.
Are you sure you want to abandon this character and quit the game? (Confirm with "yes".)

#.......# ##.#########.######
#.......######..................
+.......'......########.........
#.......######..# #.........
#.............#.# #.........
#.............#.## #.........
#.............#..######...(.....
..............#.................
..............#@................
..............#)................
.....##########.................
.... #...........######
#........... #.....#####. #
###..## #. ##### #.# ......
......


There were no monsters in sight!

Vanquished Creatures
  2 dart slugs (D:1)
  2 bats (D:1)
  A goblin (D:1)
  3 hobgoblins (D:1)
  4 jackals (D:1)
  2 kobolds (D:1)
  2 ball pythons (D:1)
  8 rats (D:1)
24 creatures vanquished.

Notes
Turn   | Place    | Note
-------+----------+-------------------------------------------
     0 | D:1      | CInkIbrahim the Octopode Gladiator began the quest for the Orb.
     0 | D:1      | Reached XP level 1. HP: 14/14 MP: 1/1
   122 | D:1      | Reached XP level 2. HP: 18/19 MP: 2/2
   228 | D:1      | Reached skill level 4 in Polearms
   287 | D:1      | Reached XP level 3. HP: 23/24 MP: 3/3
   367 | D:1      | Quit the game

Vault maps used:
D:1:      dpeg_arrival_refuge, minmay_surrounded

Skill      XL: |  1  2 |
---------------+-------+-----
Polearms       | 4 |  4.2
Fighting       | |  2.0
Throwing       | |  2.0
Dodging        | |  3.0

Action                   || total
-------------------------++-------
Melee: Trident           ||    44
       Constrict         ||     9
       Tentacles         ||     2
 Stab: Sleeping          ||     3
Armor: Skin              ||     3
Dodge: Dodged            ||    26
